 Dungeon Crawl Stone Soup version 0.22-a0-252-gcace5d2 (webtiles) character file.

140 matakusis the Magician (level 5, -5/28 HPs)
             Began as a Deep Elf Air Elementalist on Mar 1, 2018.
             Killed by divine providence
             ... invoked by an orc priest
              (11 damage)
             ... on level 3 of the Dungeon.
             The game lasted 00:12:51 (2563 turns).

matakusis the Magician (Deep Elf Air Elementalist)  Turns: 2563, Time: 00:12:52

Health: -5/28      AC:  6    Str:  2    XL:     5   Next: 2%
Magic:  1/14       EV: 13    Int: 21    God:
Gold:   98         SH:  2    Dex: 15    Spells: 10/13 levels left

rFire    . . .     SeeInvis .   (no weapon)
rCold    . . .     Gourm    .   (no shield)
rNeg     . . .     Faith    .   a - +0 robe
rPois    .         Spirit   .   (no helmet)
rElec    .         Reflect  +   f - +2 cloak
rCorr    .         Harm     .   (no gloves)
MR       .....                  d - +0 pair of boots (curse)
Stlth    ++........             i - +2 amulet of reflection
HPRegen  0.09/turn              g - -3 ring of strength (curse)
MPRegen  0.14/turn              (no ring)

@: very slightly contaminated
A: no striking features
a: no special abilities


You were on level 3 of the Dungeon.
You were not hungry.

You visited 1 branch of the dungeon, and saw 3 of its levels.

You collected 98 gold pieces.

Inventory:

Missiles
 b - 22 stones (quivered)
 m - 28 arrows
Armour
 a - a +0 robe (worn)
 d - a cursed +0 pair of boots (worn)
 f - a +2 cloak (worn)
Jewellery
 g - a cursed -3 ring of strength (left hand)
 i - a +2 amulet of reflection (around neck)
Potions
 e - a potion of haste
 h - a potion of curing
Comestibles
 c - 7 rations
 j - 2 chunks of flesh


   Skills:
 - Level 2.4 Dodging
 - Level 2.4 Stealth
 + Level 4.8 Spellcasting
 + Level 2.5 Conjurations
 + Level 4.3 Air Magic


You had 10 spell levels left.
You knew the following spells:

 Your Spells              Type           Power        Failure   Level  Hunger
a - Shock                 Conj/Air       ###.         2%          1    None
b - Sticks to Snakes      Tmut           #.......     17%         2    None


Dungeon Overview and Level Annotations

Branches:
Dungeon (3/15)

Altars:
Trog


Message History

The zap hits the orc.
You kill the orc!
The orc priest closely misses you.
Casting: Shock (safe; 2% risk of failure)
Confirm with . or Enter, or press ? or * to list all spells.
Aiming: Shock (safe; 2% risk of failure)
Press: ? - help, Shift-Dir - straight line You miscast Shock.
You are very lightly contaminated with residual magic.
Nothing appears to happen.
The orc priest hits you with a war axe!
* * * LOW HITPOINT WARNING * * *
Casting: Shock (safe; 2% risk of failure)
Confirm with . or Enter, or press ? or * to list all spells.
Aiming: Shock (safe; 2% risk of failure)
Press: ? - help, Shift-Dir - straight line The zap misses the orc priest.
The orc shouts!
You hear a shout! x2
The orc priest mumbles some strange prayers to Beogh against you.
Beogh smites you!
You die...

#.##.#.##.# #.########...)......
#.........# #.# #.#........
#####.#.####+#'## #.#.##.....
........##....).#######.#..##....
#####..<.+.....('................
#...##......#######§##.##....
#...........'.5..##§##.##..(.
####..##......#o##.§o§§..o..5..
#.#...##.#+#..@.##.##§###.#...o
#.#...##......(.....oo.........
#.#...##...........##.###...##.
###.#............................
.....................##..###..###
#.......##...........#...####....
#...##..##...........#...........
..+..#..##...............####>.##
.#+#....##.....................##


You could see an orc priest, a crimson imp and 2 orcs.

Vanquished Creatures
  An orc wizard (D:2)
  4 adders (D:2)
  A worm (D:3)
  2 dart slugs (D:1)
  2 leopard geckos
  5 orcs
  6 bats
  4 giant cockroaches
  8 goblins
  6 hobgoblins
  4 jackals (D:3)
  2 quokkas (D:3)
  A ball python (D:1)
  4 frilled lizards
  5 kobolds
  6 rats
61 creatures vanquished.

Vanquished Creatures (collateral kills)
  An orc (D:3)
  A bat (D:3)
2 creatures vanquished.

Grand Total: 63 creatures vanquished

Notes
Turn   | Place    | Note
-------+----------+-------------------------------------------
     0 | D:1      | matakusis the Deep Elf Air Elementalist began the quest for the Orb.
     0 | D:1      | Reached XP level 1. HP: 10/10 MP: 6/6
   140 | D:1      | Reached XP level 2. HP: 15/15 MP: 1/8
   951 | D:2      | Reached XP level 3. HP: 19/19 MP: 8/10
  1633 | D:2      | Learned a level 2 spell: Sticks to Snakes
  1651 | D:2      | Reached XP level 4. HP: 24/24 MP: 9/12
  2239 | D:3      | Found a bloodstained altar of Trog.
  2542 | D:3      | Reached XP level 5. HP: 26/28 MP: 3/14
  2563 | D:3      | Killed from afar by an orc priest

Vault maps used:
D:1:      lightli_arrival_statue_moat, minmay_tree_intersection
D:2:      serial_curves, eino_curves_03, eino_curves_01, eino_curves_02
D:3:      lemuel_crystal_altar, grunt_decor_arrowhead

Skill      XL: |  1  2  3 |
---------------+----------+-----
Air Magic      | 4 |  4.3
Spellcasting   | 4 |  4.8
Conjurations   | 2 |  2.5
Dodging        | |  2.4
Stealth        | |  2.4

Action                   |  1- 3 |  4- 6 || total
-------------------------+-------+-------++-------
Melee: Unarmed           |       |     2 ||     2
 Cast: Shock             |    77 |    50 ||   127
       Sticks to Snakes  |     1 |     3 ||     4
  Use: Scroll            |     7 |     2 ||     9
       Potion            |       |     7 ||     7
  Eat: Chunk             |     1 |     4 ||     5
Armor: Robe              |     5 |     9 ||    14
Dodge: Dodged            |    17 |    35 ||    52
Block: Other             |       |     4 ||     4

Table legend:
 A = Spawn XP
 B = Non-spawn XP
 C = Spawn XP percentage of total XP
 D = Spawn monster count
 E = Non-spawn monster count
 F = Spawn count percentage of total count
 G = Total turns spent on level
                    A         B        C        D         E        F      G
               +---------+---------+-------+---------+---------+-------+---------
         Total |       0 |     200 |   0.0 |       0 |      63 |   0.0 |  2563
               +---------+---------+-------+---------+---------+-------+---------
           D:1 |       0 |      35 |   0.0 |       0 |      20 |   0.0 |   847
           D:2 |       0 |     119 |   0.0 |       0 |      22 |   0.0 |  1252
           D:3 |       0 |      46 |   0.0 |       0 |      21 |   0.0 |   464
               +---------+---------+-------+---------+---------+-------+---------
